Map: Newkirk Precinct TE (Void)

Players

Namshar

  • Race: Zerg Zerg
  • Spawn Location: 7:00

Stephano - Winner!

  • Race: Zerg Zerg
  • Spawn Location: 5:00

Event: WESG 2016 Finals

VOD

Have the link to the VOD?

Description

Time

  • Played on: Jan. 11, 2017, 10:47 p.m.
  • Length: 10:27

All games in this series

Show
View Real Time Build Order
Export as new Build Order

Namshar Zerg 

Build Orders: Hatch First 

Get SALT Encoding   

  12  0:00  Drone  
  13  0:12  Overlord  
  13  0:18  Drone  
  14  0:31  Drone x2  
  16  0:37  Drone  
  17  0:53  Hatchery  
  17  0:56  Drone  
  17  0:59  Drone  
  18  1:10  Extractor  
  17  1:15  Spawning Pool  
  17  1:17  Drone  
  17  1:21  Drone  
  18  1:28  Drone  
  19  1:38  Overlord  
  19  1:50  Drone  
  20  2:01  Queen, Zergling x2  
  20  2:04  Queen  
  20  2:05  Drone  
  26  2:11  Zergling x2  
  26  2:14  Metabolic Boost  
  27  2:20  Drone  
  28  2:23  Drone  
  29  2:32  Overlord  
  29  2:37  Queen  
  29  2:39  Spore Crawler  
  30  2:51  Baneling Nest, Overlord  
  31  2:55  Drone x3  
  33  3:01  Drone  
  33  3:11  Drone x2  
  35  3:18  Drone x2  
  35  3:19  Drone x3  
  40  3:20  Drone  
  40  3:23  Overlord  
  41  3:29  Zergling x4  
  43  3:35  Baneling x2  
  43  3:40  Zergling x2  
  44  3:43  Queen  
  44  3:47  Zergling x2  
  47  3:55  Hatchery  
  46  3:57  Baneling  
  46  4:00  Baneling x3  
  46  4:02  Zergling x6  
  47  4:21  Overlord  
  47  4:22  Overlord x2  
  45  4:31  Hatchery  
  45  4:36  Roach Warren  
  43  4:39  Queen  
  43  4:41  Zergling x2  
  43  4:42  Zergling x6  
  45  4:55  Queen  
  45  4:56  Drone  
  45  4:57  Drone x5  
  51  5:07  Baneling  
  51  5:08  Baneling x2  
  51  5:09  Baneling  
  51  5:12  Zergling x8  
  55  5:25  Overlord x2, Extractor  
  55  5:27  Evolution Chamber, Lair  
  55  5:28  Drone  
  53  5:36  Drone x4  
  53  5:38  Extractor  
  54  5:47  Roach  
  54  5:48  Roach x2  
  59  5:53  Zerg Missile Weapons Level 1  
  59  5:54  Overlord  
  59  5:55  Drone x2  
  61  6:02  Overlord  
  61  6:05  Drone x3  
  61  6:07  Drone  
  65  6:15  Roach x5  
  74  6:22  Overlord x2  
  73  6:26  Roach  
  73  6:27  Roach  
  76  6:33  Roach x2  
  76  6:36  Spine Crawler  
  76  6:39  Roach  
  81  6:42  Ravager  
  81  6:44  Roach x2  
  86  6:48  Overlord  
  86  6:50  Roach  
  88  6:57  Roach x3  
  94  7:03  Roach x2  
  94  7:06  Overlord  
  94  7:07  Overlord  
  98  7:10  Overlord  
  98  7:15  Glial Reconstitution  
  98  7:18  Overseer  
  98  7:22  Overlord  
  98  7:26  Roach x2  
  102  7:35  Roach  
  102  7:36  Roach x2  
  108  7:40  Roach  
  108  7:41  Roach  
  111  7:52  Roach x3  
  93  8:08  Roach x3  
  93  8:09  Roach  
  88  8:19  Roach  
  78  8:24  Roach x2  
  65  8:36  Roach x6  
  74  8:48  Roach x2  
  69  8:49  Drone x2  
  69  8:50  Drone  
  69  8:59  Roach  
  69  9:00  Roach x2  
  73  9:05  Queen  
  75  9:12  Roach  
  75  9:13  Roach  
  73  9:17  Roach  
  73  9:27  Roach x2  
  68  9:42  Roach x2  
  64  9:49  Roach  
  64  9:50  Roach, Queen  
  65  9:57  Roach x2  
Show
View Real Time Build Order
Export as new Build Order

Stephano Zerg - Winner!

Build Orders: Pool First 

Get SALT Encoding   

  12  0:00  Drone  
  13  0:13  Overlord  
  13  0:18  Drone  
  14  0:32  Drone x2  
  14  0:35  Drone  
  17  0:46  Spawning Pool  
  17  0:49  Drone  
  17  0:57  Drone  
  18  1:11  Extractor  
  18  1:14  Hatchery  
  18  1:17  Drone  
  17  1:26  Overlord  
  17  1:34  Queen  
  17  1:37  Zergling x2  
  20  1:40  Drone  
  21  1:50  Drone  
  22  2:02  Drone  
  23  2:11  Metabolic Boost, Queen  
  25  2:19  Overlord  
  25  2:27  Queen  
  25  2:29  Drone x2  
  29  2:34  Drone  
  30  2:40  Drone  
  30  2:44  Drone x2  
  30  2:45  Drone  
  33  2:52  Zergling x2  
  33  2:53  Zergling x2  
  35  3:06  Baneling Nest  
  35  3:10  Hatchery  
  33  3:16  Zergling x6  
  33  3:18  Drone  
  37  3:22  Overlord  
  37  3:26  Zergling x4  
  39  3:29  Zergling x4  
  41  3:34  Zergling x2  
  41  3:35  Zergling x2  
  41  3:38  Zergling x2  
  44  3:44  Zergling x2  
  45  3:53  Zergling x2  
  45  3:54  Zergling x6  
  45  3:55  Baneling x2  
  48  4:03  Zergling x2  
  48  4:04  Zergling x4  
  48  4:05  Overlord  
  48  4:21  Baneling  
  44  4:32  Zergling x12  
  47  4:45  Zergling x2  
  47  4:46  Zergling x16  
  50  4:55  Zergling x4  
  49  5:02  Baneling x2  
  49  5:03  Zergling x2  
  49  5:06  Queen  
  50  5:09  Extractor  
  50  5:11  Roach Warren  
  50  5:15  Drone x3  
  53  5:24  Overlord x2  
  53  5:30  Drone x2  
  53  5:31  Drone x3  
  58  5:36  Overlord  
  58  5:46  Drone x2  
  58  5:47  Drone x4  
  61  5:55  Drone x2, Extractor  
  61  5:56  Drone x2  
  64  5:57  Baneling x2  
  64  5:58  Baneling x2  
  64  6:05  Roach x2  
  68  6:13  Roach  
  68  6:14  Roach x3  
  76  6:22  Roach  
  76  6:23  Roach  
  76  6:24  Zergling x2  
  81  6:26  Overlord x2  
  81  6:33  Overlord  
  81  6:36  Overlord x2  
  81  6:44  Overlord  
  81  6:50  Roach x4  
  81  6:51  Roach  
  91  6:57  Roach x2  
  94  7:02  Roach x2  
  98  7:08  Zergling x2  
  98  7:09  Zergling x8  
  98  7:11  Ravager x2  
  105  7:20  Ravager  
  105  7:22  Zergling x12  
  112  7:27  Zergling x4  
  112  7:29  Ravager  
  115  7:34  Zergling x4  
  117  7:40  Zergling x2  
  117  7:41  Zergling x12  
  107  7:59  Roach x6  
  109  8:08  Roach  
  109  8:09  Roach x4  
  109  8:10  Zergling x2  
  107  8:14  Roach  
  107  8:15  Roach  
  107  8:19  Roach  
  103  8:25  Roach x3  
  107  8:29  Roach  
  107  8:33  Zergling x2  
  107  8:34  Zergling x6  
  100  8:42  Zergling x10  
  100  8:47  Zergling x6  
  103  8:56  Roach x3  
  103  9:00  Zergling x4  
  108  9:03  Ravager x2  
  108  9:04  Ravager  
  108  9:09  Zergling x2  
  107  9:10  Zergling x6  
  107  9:16  Roach x2  
  107  9:17  Roach  
  112  9:18  Zergling x2  
  111  9:29  Roach x4  
  111  9:40  Roach  
  111  9:45  Roach x4  
  116  9:47  Zergling x6  
  111  9:54  Roach x3  
Tags
 
Add a new tag
Caveats
  • Supply blocks, unpowered buildings, or Contaminate may cause inaccurate times.
  • Supply counts are checked every 10 seconds.